Map: Overgrowth LE (Void)

Players

ZhuGeLiang

  • Race: Zerg Zerg
  • Spawn Location: 1:00

IIIIIIIIIIII (Has) - Winner!

  • Race: Protoss Protoss
  • League: Diamond
  • Spawn Location: 7:00

Event: NationWars IV

VOD

Have the link to the VOD?

Description

Time

  • Played on: Jan. 3, 2017, 12:29 p.m.
  • Length: 8:52
Show
View Real Time Build Order
Export as new Build Order

ZhuGeLiang Zerg 

Build Orders: Hatch First 

Get SALT Encoding   

  12  0:01  Drone  
  13  0:12  Overlord  
  13  0:17  Drone  
  14  0:31  Drone x2  
  16  0:48  Hatchery  
  15  0:51  Drone  
  15  0:54  Drone  
  17  0:59  Drone  
  18  1:05  Extractor  
  17  1:13  Spawning Pool  
  17  1:16  Drone  
  17  1:20  Drone  
  18  1:28  Drone  
  19  1:47  Hatchery  
  18  1:55  Overlord  
  18  2:00  Hatchery  
  18  2:07  Queen  
  20  2:12  Drone  
  21  2:22  Roach Warren  
  20  2:29  Drone  
  21  2:42  Overlord  
  21  2:43  Queen  
  23  2:57  Drone  
  24  3:03  Roach x2  
  28  3:13  Extractor, Roach  
  28  3:14  Queen  
  28  3:17  Roach  
  28  3:18  Roach  
  35  3:24  Roach  
  37  3:34  Roach  
  37  3:35  Roach  
  41  3:42  Roach  
  41  3:44  Ravager  
  42  3:50  Roach  
  35  4:15  Hatchery  
  34  4:26  Drone x2  
  34  4:27  Drone x2  
  38  4:34  Overlord  
  35  4:52  Spore Crawler  
  31  4:54  Ravager  
  31  4:56  Drone x2  
  31  5:16  Hatchery  
  31  5:19  Drone  
  31  5:26  Drone x2  
  33  5:38  Spore Crawler  
  33  5:40  Queen  
  26  5:50  Queen  
  26  5:55  Drone  
  27  5:59  Drone x2  
  29  6:07  Drone x3  
  32  6:14  Drone x2  
  34  6:24  Drone  
  35  6:26  Queen  
  35  6:44  Roach x2  
  37  6:54  Drone  
  37  6:55  Drone x2  
  40  7:04  Drone x2  
  42  7:09  Spore Crawler  
  40  7:17  Drone x2  
  40  7:18  Drone x2  
  41  7:30  Drone x2  
  40  7:50  Drone x4  
  43  7:55  Drone  
  44  8:04  Queen  
  46  8:13  Spore Crawler x2  
  46  8:15  Spore Crawler  
  46  8:19  Spore Crawler  
Show
View Real Time Build Order
Export as new Build Order

IIIIIIIIIIII Protoss - Winner!

Build Orders: Oracle Opening 

Get SALT Encoding   

  12  0:01  Probe (Chrono Boost)  
  13  0:11  Probe (Chrono Boost)  
  14  0:19  Pylon  
  14  0:22  Probe (Chrono Boost)  
  15  0:37  Probe (Chrono Boost)  
  15  0:38  Gateway  
  16  0:48  Probe (Chrono Boost)  
  16  0:49  Assimilator  
  17  0:58  Probe (Chrono Boost)  
  17  1:02  Forge  
  18  1:09  Probe (Chrono Boost)  
  19  1:21  Probe (Chrono Boost)  
  19  1:25  Pylon  
  20  1:29  Pylon  
  20  1:35  Probe (Chrono Boost)  
  21  1:43  Photon Cannon  
  21  1:44  Photon Cannon  
  21  1:45  Probe (Chrono Boost)  
  22  1:56  Probe (Chrono Boost)  
  23  2:06  Probe (Chrono Boost)  
  23  2:07  Assimilator  
  24  2:17  Probe (Chrono Boost)  
  24  2:18  Cybernetics Core  
  24  2:22  Zealot  
  25  2:23  Pylon  
  25  2:29  Probe (Chrono Boost)  
  28  2:34  Pylon  
  28  2:41  Photon Cannon  
  28  2:56  Photon Cannon  
  28  2:59  Stargate  
  28  3:06  Photon Cannon  
  29  3:15  Photon Cannon  
  29  3:18  Warp Gate  
  28  3:31  Mothership Core (Chrono Boost)  
  30  3:35  Pylon  
  30  3:41  Oracle  
  33  4:11  Nexus  
  33  4:16  Oracle  
  33  4:20  Photon Cannon  
  35  4:26  Probe (Chrono Boost)  
  36  4:37  Assimilator  
  37  4:38  Probe (Chrono Boost)  
  37  4:41  Assimilator  
  37  4:50  Probe (Chrono Boost), Oracle  
  39  5:03  Probe (Chrono Boost)  
  40  5:09  Pylon  
  41  5:15  Probe (Chrono Boost)  
  41  5:21  Oracle  
  41  5:27  Probe (Chrono Boost), Pylon  
  45  5:30  Probe (Chrono Boost)  
  46  5:39  Probe (Chrono Boost)  
  46  5:40  Probe (Chrono Boost)  
  48  5:49  Adept  
  51  5:51  Probe (Chrono Boost)  
  51  5:53  Probe (Chrono Boost)  
  52  5:57  Stargate  
  52  5:59  Stargate  
  52  6:02  Oracle  
  52  6:03  Probe (Chrono Boost)  
  56  6:11  Adept  
  56  6:16  Probe (Chrono Boost)  
  56  6:17  Probe (Chrono Boost)  
  60  6:21  Pylon  
  60  6:29  Probe (Chrono Boost)  
  60  6:32  Probe (Chrono Boost)  
  63  6:41  Probe (Chrono Boost)  
  63  6:42  Probe (Chrono Boost)  
  64  6:47  Pylon  
  64  6:53  Probe (Chrono Boost)  
  65  6:55  Probe (Chrono Boost)  
  66  7:02  Nexus  
  66  7:03  Pylon  
  66  7:06  Probe (Chrono Boost)  
  66  7:07  Probe (Chrono Boost)  
  67  7:10  Pylon  
  67  7:12  Stargate, Oracle  
  70  7:28  Probe (Chrono Boost)  
  72  7:30  Probe (Chrono Boost)  
  72  7:37  Oracle x2  
  72  7:39  Probe (Chrono Boost)  
  72  7:42  Probe (Chrono Boost)  
  72  7:44  Oracle  
  81  7:52  Probe (Chrono Boost)  
  81  7:54  Probe (Chrono Boost)  
  81  7:57  Pylon, Oracle  
  84  7:59  Assimilator  
  84  8:02  Probe (Chrono Boost)  
  84  8:04  Assimilator  
  85  8:07  Probe (Chrono Boost)  
  86  8:14  Probe (Chrono Boost)  
  96  8:41  Probe x2 (Chrono Boost)  
  96  8:46  Pylon  
Tags
 
Add a new tag
Caveats
  • Supply blocks, unpowered buildings, or Contaminate may cause inaccurate times.
  • Supply counts are checked every 10 seconds.